 Dungeon Crawl Stone Soup version 0.26.1-2-gb8aa6d0cf2 (webtiles) character file.

Game seed: 2356989215185800677

82338 H0rd4k the Fencer (level 16, -8/125 HPs)
             Began as a Human Artificer on Mar 19, 2021.
             Was an Initiate of Gozag.
             Mangled by a bog body (12 damage)
             ... on level 1 of the Swamp on Mar 22, 2021.
             The game lasted 01:15:42 (37163 turns).

H0rd4k the Fencer (Human Artificer)                Turns: 37163, Time: 01:15:43

Health: -8/125     AC: 15    Str: 26    XL:     16   Next: 20%
Magic:  23/23      EV: 17    Int: 24    God:    Gozag
Gold:   1249       SH:  0    Dex: 12    Spells: 16/24 levels left

rFire    . . .     SeeInvis .   q - +8 triple sword "Wakeniell" {venom, Str+2}
rCold    + . .     Faith    .   (shield currently unavailable)
rNeg     + . .     Spirit   .   E - +3 leather armour {rC+}
rPois    .         Reflect  .   t - +0 hat of Dishonesty {Harm Rampage Regen+ Dex-2}
rElec    +         Harm     +   Q - +2 cloak
rCorr    .         Rampage  +   y - +4 pair of gloves of the True Pharaoh {rElec rN+ Str+3}
Will     +++..                  (no boots)
Stlth    ++........             j - amulet of Leabbu {Regen+ Str+5}
HPRegen  1.10/turn              p - ring of the Mage {Wiz Will++ Int+3}
MPRegen  0.18/turn              U - +6 ring of intelligence

@: lethally poisoned (-8 -> -15), gold aura, very slow
A: no striking features
a: Renounce Religion, Potion Petition, Call Merchant, Bribe Branch


You were on level 1 of the Swamp.
You worshipped Gozag.
Gozag was most pleased with you.
You visited 5 branches of the dungeon, and saw 22 of its levels.
You visited 1 bazaar.
You also visited: Sewer and Ice Cave.

You collected 8083 gold pieces.
You spent 4578 gold pieces at shops.
You paid 2256 gold pieces to Gozag.

Inventory:

Hand Weapons
 n - the +5 hunting sling of Action {flame, rPois Int+3 Dex+4}
   (You bought it in a shop on level 2 of the Orcish Mines)

   It causes projectiles fired from it to burn those they strike, causing extra
   injury to most foes and up to half again as much damage against particularly
   susceptible opponents.
   It affects your intelligence (+3).
   It affects your dexterity (+4).
   It protects you from poison.
 q - the +8 triple sword "Wakeniell" (weapon) {venom, Str+2}
   (You bought it in a shop on level 9 of the Dungeon)

   It poisons the flesh of those it strikes.
   It affects your strength (+2).
 N - a +9 falchion of holy wrath
Missiles
 Z - 10 curare-tipped darts
Armour
 t - the +0 hat of Dishonesty (worn) {Harm Rampage Regen+ Dex-2}
   (You bought it in a shop on level 9 of the Dungeon)

   It affects your dexterity (-2).
   It increases your rate of regeneration.
   It increases damage dealt and taken.
   It bestows one free step when moving towards enemies.
 x - the +5 robe "Qiwnangu" {rC+ Str+7 Dex-4 SInv}
   (You bought it in a shop in a bazaar)

   It affects your strength (+7).
   It affects your dexterity (-4).
   It protects you from cold.
   It lets you see invisible.
 y - the +4 pair of gloves of the True Pharaoh (worn) {rElec rN+ Str+3}
   (You found it in a sewer)

   It affects your strength (+3).
   It insulates you from electricity.
   It protects you from negative energy.
 E - a +3 leather armour of cold resistance (worn)
 Q - a +2 cloak (worn)
Jewellery
 c - an uncursed ring of resist corrosion
 j - the amulet of Leabbu (around neck) {Regen+ Str+5}
   (You bought it in a shop on level 9 of the Dungeon)

   [amulet of regeneration]

   It affects your strength (+5).
   It increases your rate of regeneration.
 p - the ring of the Mage (left hand) {Wiz Will++ Int+3}
   (You bought it in a shop on level 9 of the Dungeon)

   [ring of wizardry]

   It improves your spell success rate.
   It affects your intelligence (+3).
   It affects your willpower, your defense against some magical effects.
 F - an uncursed ring of see invisible
 L - an uncursed ring of flight
 U - a +6 ring of intelligence (right hand)
Wands
 d - a wand of enslavement (2)
 e - a wand of random effects (28)
 K - a wand of flame (46)
 O - a wand of paralysis (9)
 P - a wand of digging (11)
 T - a wand of iceblast (7)
 Y - a wand of polymorph (13)
Scrolls
 a - 7 scrolls of remove curse
 f - a scroll of fear
 i - 5 scrolls of enchant armour
 k - 11 scrolls of teleportation
 m - a scroll of holy word
 o - 3 scrolls of magic mapping
 u - a scroll of torment {unknown}
 w - a scroll of fog
 H - a scroll of brand weapon {unknown}
 I - a scroll of silence {unknown}
 J - a scroll of amnesia {unknown}
 X - a scroll of acquirement {unknown}
Potions
 b - 2 potions of berserk rage
 h - 6 potions of haste
 l - 3 potions of flight
 r - a potion of cancellation
 B - 2 potions of brilliance
 C - 10 potions of curing
 D - 3 potions of heal wounds
 G - a potion of ambrosia
 M - a potion of resistance
Miscellaneous
 g - a condenser vane


   Skills:
 + Level 11.0 Fighting
 + Level 9.8(13.8) Short Blades
 + Level 15.7(16.6) Long Blades
 + Level 6.7 Armour
 + Level 9.8 Dodging
 + Level 9.5 Stealth
 * Level 4.7 Spellcasting
 + Level 2.8 Hexes
 + Level 3.1 Translocations
 + Level 2.7 Ice Magic
 + Level 5.7 Evocations


You had 16 spell levels left.
You knew the following spells:

 Your Spells              Type           Power        Failure   Level
a - Blink                 Tloc           N/A          1%          2
b - Ozocubu's Armour      Ice            19%          4%          3
c - Tukima's Dance        Hex            19%          4%          3

Your spell library contained the following spells:

 Spells                   Type           Power        Failure   Level
 Corona                   Hex            21%          1%          1
 Freeze                   Ice            76%          1%          1
 Ensorcelled Hibernation  Hex/Ice        38%          1%          2
 Slow                     Hex            19%          1%          2
 Portal Projectile        Hex/Tloc       40%          3%          3
 Foxfire                  Conj/Fire      20%          4%          1
 Magic Dart               Conj           20%          4%          1
 Shock                    Conj/Air       20%          4%          1
 Summon Small Mammal      Summ           20%          4%          1
 Confusing Touch          Hex            19%          4%          3
 Frozen Ramparts          Ice            38%          4%          3
 Call Imp                 Summ           5%           6%          2
 Swiftness                Air            5%           6%          2
 Dazzling Flash           Conj/Hex       24%          7%          3
 Inner Flame              Hex/Fire       12%          7%          3
 Summon Guardian Golem    Hex/Summ       12%          7%          3
 Call Canine Familiar     Summ           5%           12%         3
 Conjure Flame            Conj/Fire      5%           12%         3
 Mephitic Cloud           Conj/Pois/Air  5%           12%         3
 Static Discharge         Conj/Air       5%           12%         3
 Cause Fear               Hex            9%           12%         4
 Hailstorm                Conj/Ice       12%          22%         4
 Ice Form                 Ice/Tmut       12%          22%         4
 Leda's Liquefaction      Hex/Erth       6%           22%         4
 Summon Ice Beast         Ice/Summ       12%          22%         4
 Metabolic Englaciation   Hex/Ice        9%           32%         5
 Airstrike                Air            2%           36%         4
 Sticky Flame             Conj/Fire      5%           36%         4
 Summon Lightning Spire   Summ/Air       5%           36%         4
 Bolt of Magma            Conj/Fire/Erth 2%           69%         5
 Fireball                 Conj/Fire      2%           69%         5
 Iskenderun's Battlesphe  Conj           5%           69%         5
 Lightning Bolt           Conj/Air       2%           69%         5
 Ozocubu's Refrigeration  Ice            9%           86%         6
 Simulacrum               Ice/Necr       6%           96%         6
 Freezing Cloud           Conj/Ice/Air   5%           98%         6
 Iron Shot                Conj/Erth      2%           99%         6
 Orb of Destruction       Conj           2%           100%        7
 Spellforged Servitor     Conj/Summ      2%           100%        7


Dungeon Overview and Level Annotations

Branches:
Dungeon (12/15)            Temple (1/1) D:5            Lair (6/6) D:9
  Swamp (1/4) Lair:2        Snake (0/4) Lair:3        Slime (0/5) Lair:6
    Orc (2/2) D:10            Elf (0/3) Orc:2         Sewer (visited)
  IceCv (visited)

Altars:
Ashenzari
Cheibriados
Dithmenos
Elyvilon
Fedhas
Gozag
Hepliaklqana
Kikubaaqudgha
Makhleb
Nemelex Xobeh
Okawaru
Qazlal
Ru
Sif Muna
Trog
Uskayaw
Vehumet
Wu Jian
Xom
Yredelemnul
Zin
The Shining One
Beogh
Jiyva

Shops:
D:4 ?   D:5 !   D:7 !}(*   D:8 }   D:9 [=(   Orc:2 (=*[

Annotations:
D:7 exclusion: downstairs
D:10 exclusion: downstairs
Orc:1 exclusion: downstairs


Message History

Thorny briars emerge from the ground!
The thorn hunter gestures.
You see here 31 gold pieces.
You barely miss the thorn hunter.
The thorn hunter is lightly damaged.
You feel sick.
The thorn hunter fires a volley of thorns at you.
The volley of thorns hits you!!
* * * LOW HITPOINT WARNING * * *
The bog body barely misses you.
As you read the scroll of fear, it crumbles to dust.
You assume a fearsome visage.
The bog body is unaffected.
The thorn hunter is unaffected.
You feel very sick.
The thorn hunter becomes distracted by the nearby gold, dreaming of imaginary riches.
The bog body touches you!
* * * LOW HITPOINT WARNING * * *
The bog body freezes you! You resist.
You die...
Your body crumbles into a pile of gold.

≈≈≈≈≈.♣♣♣♣♣≈≈.≈§≈≈♣≈.....
.§≈≈.♣≈......≈≈>.≈≈♣♣♣♣.
...P♣PP§≈.≈≈..≈...♣♣♣♣♣♣
♣PPP○≈.♣♣♣.......≈... §
♣..≈§°≈♣ ♣.^.≈≈...≈≈≈
...≈♣♣..☼♣♣♣♣♣.♣♣♣♣♣..≈≈§
♣...§°.♣♣..♣♣♣≈♣ ♣♣≈.≈.
♣♣.♣♣♣♣.○.≈.♣♣♣♣ ♣♣..♣ ♣
♣@n≈≈..... ♣♣♣.
♣.≈.f....≈≈≈ ♣.
♣.≈≈.♣≈.≈§.≈≈ ♣♣
♣♣...♣♣♣♣♣.≈≈ ♣ ♣♣≈♣♣ ≈≈
♣♣ ≈


You could see a thorn hunter (unaware) and a bog body.

Vanquished Creatures
  Jorgrun (Orc:2)
  Gastronok (Lair:2)
  2 orc warlords (Orc:2)
  Fannar (Lair:1)
  A boulder beetle (Lair:3)
  6 hydras
  3 two-headed ogres
  3 catoblepae (Lair:6)
  23 death yaks
  An alligator (Swamp:1)
  3 orc high priests
  Urug (D:10)
  A deep elf knight (Orc:2)
  Nergalle (D:12)
  Sonja (Lair:3)
  A swamp dragon (Swamp:1)
  A necromancer (IceCv)
  An oklob plant (Lair:6)
  2 deep elf magi (Orc:2)
  2 orc knights (Orc:2)
  6 orc sorcerers (Orc:2)
  An ugly thing (D:12)
  2 manticores (Lair:6)
  A will-o-the-wisp (Swamp:1)
  4 elephants (Lair:5)
  6 black mambas
  An ice statue (IceCv)
  3 centaur zombies
  13 cane toads
  10 freezing wraiths (IceCv)
  A kobold demonologist (D:11)
  A demonic crawler (Lair:2)
  3 rime drakes
  An efreet (D:12)
  10 komodo dragons
  6 trolls
  2 wolf spider simulacra (IceCv)
  4 polar bears
  4 blink frogs
  7 dream sheep (Lair:5)
  A wyvern (D:10)
  2 shadows (D:11)
  32 yaks
  6 basilisks
  2 nagas (Lair:3)
  6 wargs
  Menkaure (D:6)
  2 swamp worms (Lair:2)
  14 water moccasins
  2 black bears
  18 ice beasts
  3 sky beasts
  34 orc warriors
  4 phantoms
  7 centaurs
  An eye of draining (D:8)
  2 necrophages (D:9)
  10 ogres
  17 wolves
  17 bullfrogs
  A big kobold (D:9)
  Blork the orc (D:6)
  A wyvern skeleton (D:7)
  2 scorpions
  A water moccasin skeleton (D:7)
  An elephant simulacrum (IceCv)
  3 wights (D:11)
  2 howler monkeys (D:11)
  2 jellies
  2 bullfrog zombies
  19 orc priests
  2 quasits
  A draconian simulacrum (IceCv)
  10 hounds
  A bullfrog skeleton (D:5)
  2 centaur skeletons
  11 iguanas
  7 worker ants
  35 orc wizards
  3 spriggan simulacra (IceCv)
  A polar bear simulacrum (IceCv)
  A killer bee zombie (D:9)
  9 troll simulacra (IceCv)
  2 centaur simulacra (IceCv)
  2 hound zombies (D:8)
  3 hound skeletons
  2 gnolls (D:3)
  15 adders
  An ogre simulacrum (IceCv)
  4 naga simulacra (IceCv)
  A river rat (D:4)
  A shadow imp (D:8)
  15 white imps
  5 oozes
  An adder skeleton (D:9)
  3 adder zombies
  7 worms
  4 dart slugs
  9 leopard geckos
  75 orcs
  2 ball pythons
  16 bats
  7 giant cockroaches
  14 goblins
  8 hobgoblins
  19 jackals
  7 quokkas
  8 frilled lizards
  A jackal skeleton (D:8)
  17 kobolds
  A quokka zombie (D:9)
  14 rats
  A spectral orc (D:3)
706 creatures vanquished.

Vanquished Creatures (collateral kills)
  Psyche (D:9)
  3 orc warriors
  A phantom (D:7)
  An eye of draining (D:9)
  A bullfrog (D:7)
  An orc priest (D:9)
  An orc wizard (D:9)
  4 orcs
  A quokka (D:9)
14 creatures vanquished.

Vanquished Creatures (others)
  2 orc knights (Orc:2)
  A wyvern (D:10)
  A yak (Lair:4)
  2 orc warriors
  A wolf (Lair:4)
  An orc priest (Orc:2)
  An orc wizard (Orc:2)
  A gnoll (D:3)
  An orc (Orc:2)
  39 fungi
  54 plants
104 creatures vanquished.

Grand Total: 824 creatures vanquished

Notes
Turn   | Place    | Note
-------+----------+-------------------------------------------
     0 | D:1      | H0rd4k the Human Artificer began the quest for the Orb.
     0 | D:1      | Reached XP level 1. HP: 15/15 MP: 1/1
   332 | D:1      | Reached XP level 2. HP: 16/21 MP: 2/2
   869 | D:1      | Reached XP level 3. HP: 26/26 MP: 3/3
  1167 | D:1      | Reached skill level 1 in Short Blades
  1988 | D:2      | Reached XP level 4. HP: 7/32 MP: 4/4
  2704 | D:2      | Found a glowing golden altar of the Shining One.
  3029 | D:2      | Reached XP level 5. HP: 36/38 MP: 5/5
  4347 | D:3      | Noticed an ice beast
  4356 | D:3      | Killed an ice beast
  4357 | D:3      | Reached XP level 6. HP: 28/46 MP: 6/6
  4720 | D:3      | Found a sacrificial altar of Ru.
  5191 | D:3      | Found a basalt altar of Yredelemnul.
  5571 | D:4      | Found a glowing drain.
  5579 | D:4      | Reached XP level 7. HP: 32/51 MP: 7/7
  5585 | Sewer    | Entered a sewer
  6469 | Sewer    | Got a pair of steaming gloves
  7053 | D:4      | Found Feurea Hoff's Magic Scroll Emporium.
  7061 | D:4      | Bought a scroll of teleportation for 33 gold pieces
  7596 | D:5      | Entered Level 5 of the Dungeon
  7622 | D:5      | Found a staircase to the Ecumenical Temple.
  7628 | Temple   | Entered the Ecumenical Temple
  7702 | Temple   | Became a worshipper of Gozag Ym Sagoz the Greedy
  7873 | D:5      | Found Qounwyn's Distillery.
  7896 | D:5      | Bought a potion of curing for 42 gold pieces
  7896 | D:5      | Bought a potion of heal wounds for 70 gold pieces
  7963 | D:5      | Reached XP level 8. HP: 44/58 MP: 8/8
  8298 | D:5      | Reached skill level 5 in Short Blades
  8781 | D:5      | Identified the +4 pair of gloves of the True Pharaoh {rElec
                  | rN+ Str+3} (You found it in a sewer)
  9972 | D:6      | Reached XP level 9. HP: 56/65 MP: 9/9
 10106 | D:6      | Noticed Blork the orc
 10199 | D:6      | Found a radiant altar of Vehumet.
 10242 | D:6      | Noticed Menkaure
 10256 | D:6      | Killed Blork the orc
 10270 | D:6      | Killed Menkaure
 11484 | D:7      | Found Utim's Gadget Shop.
 11555 | D:7      | Found Voppues's Distillery.
 11723 | D:7      | Reached skill level 5 in Armour
 11731 | D:7      | Reached skill level 5 in Dodging
 11830 | D:7      | Reached skill level 1 in Long Blades
 12011 | D:7      | Found Lify's General Store.
 12017 | D:7      | Bought a scroll of blinking for 105 gold pieces
 12017 | D:7      | Bought a +3 falchion of holy wrath for 313 gold pieces
 12117 | D:7      | Found Qiutuney's Antique Weapon Emporium.
 12162 | D:7      | Reached XP level 10. HP: 28/73 MP: 10/10
 13079 | D:8      | Found Kafudgh's Gadget Emporium.
 13337 | D:8      | Reached skill level 2 in Long Blades
 13673 | D:8      | Reached skill level 5 in Fighting
 14084 | D:9      | Found a staircase to the Lair.
 14384 | D:9      | Noticed a two-headed ogre
 14395 | D:9      | Killed Psyche
 14422 | D:9      | Killed a two-headed ogre
 14423 | D:9      | Reached skill level 3 in Long Blades
 14684 | D:9      | Reached skill level 5 in Stealth
 14916 | D:9      | Noticed a two-headed ogre
 15131 | D:9      | Killed a two-headed ogre
 15132 | D:9      | Reached XP level 11. HP: 76/81 MP: 11/11
 15181 | D:10     | Entered Level 10 of the Dungeon
 15187 | D:10     | Noticed Urug
 15419 | D:10     | Killed Urug
 15420 | D:10     | Reached skill level 4 in Long Blades
 15899 | D:10     | Found a staircase to the Orcish Mines.
 16301 | D:10     | Reached skill level 5 in Long Blades
 16643 | D:7      | Bought a scorched great mace for 322 gold pieces
 16643 | D:7      | Identified the cursed +3 great mace "Ufynerpha" {freeze,
                  | Int+5} (You bought it in a shop on level 7 of the Dungeon)
 17983 | D:11     | Noticed an eight-headed hydra
 18061 | D:9      | Bought an ichor-stained triple sword for 330 gold pieces
 18061 | D:9      | Identified the +8 triple sword "Wakeniell" {venom, Str+2}
                  | (You bought it in a shop on level 9 of the Dungeon)
 18116 | Lair:1   | Entered Level 1 of the Lair of Beasts
 18250 | Lair:1   | Noticed Fannar
 18390 | Lair:1   | Reached skill level 6 in Long Blades
 18961 | Lair:1   | Reached XP level 12. HP: 91/91 MP: 12/12
 19010 | Lair:1   | Killed Fannar
 19011 | Lair:1   | Reached skill level 7 in Long Blades
 19321 | Lair:1   | Reached skill level 8 in Long Blades
 20033 | Lair:2   | Noticed a six-headed hydra
 20039 | Lair:2   | Killed a six-headed hydra
 20052 | Lair:2   | Reached skill level 9 in Long Blades
 20446 | Lair:2   | Noticed Gastronok
 20457 | Lair:2   | Killed Gastronok
 20651 | Lair:2   | Found a staircase to the Swamp.
 21233 | Lair:2   | Got a masterwork hunting sling
 21234 | Lair:2   | Identified the +4 hunting sling of the Sage {freeze,
                  | *Contam rElec Int+5} (You found it on level 2 of the Lair
                  | of Beasts)
 21288 | Lair:3   | Noticed a seven-headed hydra
 21322 | Lair:3   | Killed a seven-headed hydra
 21323 | Lair:3   | Reached skill level 10 in Long Blades
 21323 | Lair:3   | Reached skill level 5 in Evocations
 21329 | Lair:3   | Found a staircase to the Snake Pit.
 21340 | Lair:3   | Reached XP level 13. HP: 77/98 MP: 13/13
 21980 | Lair:3   | Noticed Sonja
 22001 | Lair:3   | Killed Sonja
 22573 | Lair:4   | Found a frozen archway.
 22577 | IceCv    | Entered an ice cave
 22889 | IceCv    | Reached skill level 11 in Long Blades
 24230 | IceCv    | Found an ancient bone altar of Kikubaaqudgha.
 25682 | Lair:4   | Reached skill level 12 in Long Blades
 25879 | Lair:4   | Noticed a boulder beetle
 25915 | Lair:3   | Killed a boulder beetle
 26448 | Lair:4   | Noticed a seven-headed hydra
 26689 | Lair:4   | Reached XP level 14. HP: 77/108 MP: 14/14
 27399 | Lair:5   | Reached skill level 13 in Long Blades
 28606 | Lair:5   | Reached skill level 10 in Fighting
 29121 | Lair:5   | Reached skill level 14 in Long Blades
 29776 | D:9      | Bought the amulet of Leabbu {Regen+ Str+5} for 760 gold
                  | pieces
 29776 | D:9      | Bought the ring of the Mage {Wiz Will++ Int+3} for 827 gold
                  | pieces
 29776 | D:9      | Found the ring of the Mage {Wiz Will++ Int+3}
 29797 | D:9      | Learned a level 2 spell: Blink
 29801 | D:9      | Learned a level 3 spell: Ozocubu's Armour
 29805 | D:9      | Learned a level 3 spell: Tukima's Dance
 30006 | Lair:6   | Entered Level 6 of the Lair of Beasts
 30205 | Lair:6   | Reached skill level 1 in Translocations
 30360 | Lair:6   | Reached skill level 1 in Ice Magic
 30411 | Lair:6   | Reached skill level 1 in Spellcasting
 30547 | Lair:6   | Reached skill level 1 in Hexes
 30728 | Lair:6   | Reached XP level 15. HP: 115/115 MP: 17/17
 31117 | Lair:6   | Found a staircase to the Slime Pits.
 31118 | Lair:6   | Found a viscous altar of Jiyva.
 32470 | D:9      | Bought the cursed +0 hat of Dishonesty {Harm Rampage Regen+
                  | Dex-2} for 72 gold pieces
 32636 | D:4      | Bought a scroll of identify for 22 gold pieces
 32636 | D:4      | Bought a scroll of identify for 22 gold pieces
 32636 | D:4      | Bought a scroll of identify for 22 gold pieces
 32835 | Orc:1    | Entered Level 1 of the Orcish Mines
 33159 | Orc:1    | Found a roughly hewn altar of Beogh.
 33611 | Orc:2    | Entered Level 2 of the Orcish Mines
 33612 | Orc:2    | Noticed Jorgrun
 33639 | Orc:2    | Killed Jorgrun
 33640 | Orc:2    | Reached skill level 15 in Long Blades
 33779 | Orc:2    | Found a roughly hewn altar of Beogh.
 33779 | Orc:2    | Noticed an orc warlord
 33784 | Orc:2    | Found Syroagg's Antique Weapon Emporium.
 33833 | Orc:2    | Found a flickering gateway to a bazaar.
 33842 | Bazaar   | Entered a bazaar
 33842 | Bazaar   | Found Dymaxau's Antique Weapon Emporium.
 33890 | Bazaar   | Found Macuem's General Store.
 33895 | Bazaar   | Found Zon Cesa's Antique Armour Shoppe.
 33902 | Bazaar   | Found Loroh's Magic Scroll Shop.
 33908 | Bazaar   | Found Ruzxur's Distillery.
 34023 | Bazaar   | Bought a fine arbalest for 266 gold pieces
 34023 | Bazaar   | Bought an ichor-stained rapier for 252 gold pieces
 34023 | Bazaar   | Bought a shimmering great sword for 322 gold pieces
 34065 | Bazaar   | Bought a twisted robe for 165 gold pieces
 34070 | Bazaar   | Bought a scroll of blinking for 60 gold pieces
 34103 | Bazaar   | Identified the cursed +0 arbalest of Otuneuh {flame, rElec
                  | rF++ SInv} (You bought it in a shop in a bazaar)
 34105 | Bazaar   | Identified the cursed +1 great sword of Tyethih {drain,
                  | Stlth+} (You bought it in a shop in a bazaar)
 34107 | Bazaar   | Identified the cursed +1 rapier "Plog" {elec, *Noise rC+
                  | SInv} (You bought it in a shop in a bazaar)
 34124 | Bazaar   | Identified the +5 robe "Qiwnangu" {rC+ Str+7 Dex-4 SInv}
                  | (You bought it in a shop in a bazaar)
 34547 | Orc:2    | Noticed an orc warlord
 34917 | Orc:2    | Killed an orc warlord
 34923 | Orc:2    | Found a staircase to the Elven Halls.
 35153 | Orc:2    | Killed an orc warlord
 35154 | Orc:2    | Reached XP level 16. HP: 36/124 MP: 22/22
 35260 | Orc:2    | Found Kalubb's Antique Armour Emporium.
 35376 | Orc:2    | Bought a slimy scimitar for 333 gold pieces
 35376 | Orc:2    | Bought a smoking hunting sling for 240 gold pieces
 35592 | Orc:2    | Found Qafu's General Store.
 35607 | Orc:2    | Found Fiegud's Jewellery Emporium.
 35761 | Orc:2    | Identified the cursed +0 scimitar of the Slime-mould
                  | {speed, *Corrode rF+ Str+7} (You bought it in a shop on
                  | level 2 of the Orcish Mines)
 35763 | Orc:2    | Identified the +5 hunting sling of Action {flame, rPois
                  | Int+3 Dex+4} (You bought it in a shop on level 2 of the
                  | Orcish Mines)
 36277 | D:12     | Noticed Nergalle
 36282 | D:12     | Killed Nergalle
 37057 | Swamp:1  | Entered Level 1 of the Swamp
 37156 | Swamp:1  | Noticed a thorn hunter
 37163 | Swamp:1  | HP: 4/125 [bog body (12)]
 37163 | Swamp:1  | Mangled by a bog body

Illustrated notes

Levels and vault maps discovered:
D:1:      minmay_arrival_loop, layout_basic
D:2:      layout_basic, nicolae_tso_carved_into_rock
D:3:      layout_basic, yredelemnul_forgotten_temple_becter,
          overflow_temple_1_default, kennysheep_generic_room_3
D:4:      layout_loops_cross, gup_sewer_entry_bubbles, serial_shops, shop
D:5:      layout_gridville, minmay_temple_entry_wispy, serial_shops,
          shop_statue, kennysheep_small_square
D:6:      layout_cave_pods, lemuel_round_altar, uniq_menkaure,
          uniq_blork_the_orc
D:7:      layout_basic, serial_shops, shop_statue, shop, shop, shop
D:8:      layout_basic, serial_shops, nicolae_shop_trees,
          minmay_misc_feat_rugged
D:9:      layout_roguey, lair_entry_dummy, enter_bailey_5, uniq_psyche
D:10:     layout_cave_pools, hiddenorc2_lemuel, uniq_urug
D:11:     layout_long_grid
D:12:     layout_stronghold, uniq_nergalle
Temple:   hc_temple_tempest_star
Lair:1:   beast_lair_carwin_large_2, layout_chaotic_city, serial_bayou_shore_b,
          uniq_fannar
Lair:2:   layout_regular_city, swamp_mist, worms_lemuel, grunt_megastairs_1,
          uniq_gastronok
Lair:3:   layout_chaotic_city, guppyfry_snake_entry_garden, lemuel_fruit_tree,
          uniq_sonja
Lair:4:   layout_long_grid, portal_ice_cave_entry_ice_beasts,
          serial_bayou_shore_b
Lair:5:   layout_regular_city, serial_bayou_shore_b
Lair:6:   evilmike_catoblepas_cave, layout_small_grid, slime_altar_1,
          infiniplex_staircase_pool_2
Swamp:1:  layout_basic_swamp, infiniplex_staircase_pool
Orc:1:    cheibrodos_orc_guarddog, layout_caves, bh_open_orc_temple
Orc:2:    grunt_orc_cross, layout_caves, serial_shops, freezing_bzr,
          elf_legates, uniq_jorgrun

Skill      XL: |  1  2  3  4  5  6  7  8  9 10 11 12 13 14 15 16 |
---------------+-------------------------------------------------+-----
Short Blades   | 1 3 4 6 8 9 |  9.8
Fighting       | 2 3 4 5 7 8 9 10 11 | 11.0
Dodging        | 2 3 4 5 6 7 8 9 |  9.8
Armour         | 3 4 5 6 |  6.7
Stealth        | 2 4 5 7 8 9 |  9.5
Evocations     | 4 5 |  5.7
Long Blades    | 1 3 6 10 12 14 15 | 15.7
Translocations | 1 3 |  3.1
Ice Magic      | 1 2 |  2.7
Spellcasting   | 1 4 |  4.7
Hexes          | 1 2 |  2.8

Action                   |  1- 3 |  4- 6 |  7- 9 | 10-12 | 13-15 | 16-18 || total
-------------------------+-------+-------+-------+-------+-------+-------++-------
Melee: Dagger            |   218 |       |       |       |       |       ||   218
       Short sword       |       |   203 |   648 |   419 |       |       ||  1270
       Falchion          |       |       |    30 |   210 |   117 |       ||   357
       Triple sword      |       |       |       |   113 |   676 |    72 ||   861
Invok: Call Merchant     |       |       |       |     1 |     2 |       ||     3
Evoke: Wand              |     3 |    14 |    10 |    28 |    39 |     4 ||    98
  Use: Potion            |       |       |     2 |     2 |    10 |       ||    14
       Scroll            |       |       |     1 |    14 |    26 |     3 ||    44
 Stab: Sleeping          |     1 |     5 |     6 |     8 |    13 |     7 ||    40
       Paralysed         |       |       |     2 |    19 |       |       ||    21
       Distracted        |       |       |       |     5 |     8 |     1 ||    14
       Invisible         |       |       |       |       |     3 |       ||     3
Armor: Leather armour    |    78 |    55 |   187 |   252 |   289 |    10 ||   871
Dodge: Dodged            |   152 |   146 |   344 |   557 |   718 |    44 ||  1961
       Rpst.: Falchion   |       |       |     6 |    57 |    25 |       ||    88
       Triple sword      |       |       |       |    41 |   159 |    11 ||   211
